 Dungeon Crawl Stone Soup version 0.30-a0-860-g512cf1e979 (webtiles) character file.

Game seed: 12647276710609965460

7235 112233 the Ogre Mage (level 11, -9/109 HPs)
             Began as an Ogre Fire Elementalist on Mar 8, 2023.
             Was a Priest of Vehumet.
             Mangled by a yak (10 damage)
             ... on level 10 of the Dungeon.
             The game lasted 00:18:13 (14210 turns).

112233 the Ogre Mage (Ogre Fire Elementalist)      Turns: 14210, Time: 00:18:14

Health: -9/109     AC:  5    Str: 14    XL:     11   Next: 12%
Magic:  21/25      EV: 13    Int: 20    God:    Vehumet [***...]
Gold:   395        SH:  0    Dex: 15    Spells: 16/30 levels left

rFire   + . .      SeeInvis .    o - staff of fire
rCold   . . .      Faith    .    (no shield)
rNeg    + . .      Spirit   .    w - +2 robe {Will+}
rPois   .          Reflect  .    (helmet restricted)
rElec   .          Rampage  .    (no cloak)
rCorr   .                        (gloves unavailable)
Will    ++...                    (boots unavailable)
Stlth   ++                       (no amulet)
HPRegen 0.38/turn                f - +6 ring of dexterity
MPRegen 0.19/turn                g - ring of positive energy

@: mighty
A: large, unfitting armour, tough skin 1
a: Renounce Religion


You were on level 10 of the Dungeon.
You worshipped Vehumet.
Vehumet was most pleased with you.
You visited 2 branches of the dungeon, and saw 11 of its levels.

You collected 395 gold pieces.

Inventory:

Missiles
 x - 4 silver javelins
 D - 3 curare-tipped darts
 K - a throwing net
Armour
 w - a +2 robe of willpower (worn)
Magical Staves
 o - a staff of fire (weapon)
Jewellery
 a - a ring of positive energy
 d - an amulet of guardian spirit
 f - a +6 ring of dexterity (left hand)
 g - a ring of positive energy (right hand)
 r - a ring of resist corrosion
 t - a ring of poison resistance
 A - a ring of protection from cold
 L - a ring of willpower
 M - a ring of willpower
Wands
 p - a wand of paralysis (3) (quivered)
 F - a wand of digging (2)
 H - a wand of light (3)
 J - a wand of polymorph (21)
 Q - a wand of roots (5)
Scrolls
 h - 3 scrolls of immolation
 k - 3 scrolls of noise
 n - 2 scrolls of magic mapping
 s - 2 scrolls of enchant weapon
 y - a scroll of vulnerability
 z - 2 scrolls of enchant armour
 B - 2 scrolls of amnesia
 N - 2 scrolls of identify
Potions
 b - a potion of magic
 i - 2 potions of might
 j - 2 potions of ambrosia
 l - a potion of haste {unknown}
 m - 4 potions of attraction
 q - 2 potions of mutation {unknown}
 u - a potion of flight {unknown}
 v - 2 potions of brilliance {unknown}
 C - a potion of berserk rage
 E - 2 potions of degeneration {unknown}


   Skills:
 - Level 7.0 Fighting
 + Level 7.1 Dodging
 - Level 1.4 Stealth
 + Level 10.4 Spellcasting
 + Level 6.8 Conjurations
 + Level 7.4 Fire Magic


You had 16 spell levels left.
You knew the following spells:

 Your Spells              Type           Power      Damage    Failure   Level
a - Foxfire               Conj/Fire      100%       2x1d9     1%          1
b - Scorch                Fire           100%       2d10      1%          2
c - Kindle Blastsparks    Fire/Tloc/Air  60%        2d15      2%          3
d - Flame Wave            Conj/Fire      55%        2d13      1%          4
e - Passwall              Tmut/Erth      8%         N/A       10%         2
f - Blink                 Tloc           20%        N/A       10%         2

Your spell library contained the following spells:

 Spells                   Type           Power      Damage    Failure   Level
 Fulminant Prism          Conj/Hex       12%        3d8       4%          4
 Momentum Strike          Conj/Tloc      48%        3d9       1%          2
 Inner Flame              Hex/Fire       37%        N/A       1%          3
 Stone Arrow              Conj/Erth      48%        3d10      1%          3
 Ignite Poison            Fire/Tmut/Pois 30%        N/A       2%          3
 Beastly Appendage        Tmut           20%        N/A       7%          1
 Ensorcelled Hibernation  Hex/Ice        20%        N/A       10%         2
 Lesser Beckoning         Tloc           20%        N/A       10%         2
 Wereblood                Tmut           10%        N/A       10%         2
 Spider Form              Tmut/Pois      10%        N/A       21%         3
 Swiftness                Air            10%        N/A       21%         3
 Statue Form              Tmut/Erth      6%         N/A       100%        6


Dungeon Overview and Level Annotations

Branches:
Dungeon (10/15)            Temple (1/1) D:5            Lair (0/5) D:9
    Orc: D:9-12

Altars:
Dithmenos
Elyvilon
Fedhas
Gozag
Hepliaklqana
Kikubaaqudgha
Makhleb
Qazlal
Ru
Trog
Uskayaw
Vehumet
Wu Jian
Xom
Yredelemnul
Zin
The Shining One

Shops:
D:4 [

Annotations:
D:2 1 runed translucent door, Crazy Yiuf
D:4 exclusion: downstairs
D:8 exclusion: 2 downstairs
D:9 2 transporters, exclusion: downstairs, Frostiness's ghost, novice DgSu
D:10 Urug


Innate Abilities, Weirdness & Mutations

You are too large for most types of armour.
You have tough skin. (AC +1)


Message History

The foxfire hits the yak but does no damage.
Urug opens the door.
Casting: Foxfire (safe; 1% risk of failure)
Confirm with . or Enter, or press ? or * to list all spells.
You feel a surge of power!
Flames lash the yak.
The yak is heavily wounded.
The yak's fire resistance burns away.
Unknown command.
Casting: Scorch (safe; 1% risk of failure)
Confirm with . or Enter, or press ? or * to list all spells.
You feel a surge of power!
Flames lash the yak.
The yak is lightly wounded.
The yak's fire resistance burns away.
The yak closely misses you.
The yak is no longer more vulnerable to fire.
The yak gores you but does no damage. The yak closely misses you.
Urug hits you with a +1 long sword!!
Unknown command.
The air fills with toxic fumes!
As you read the scroll labelled TUEHEJ VYRO, it crumbles to dust.
It was a scroll of poison.
The yak gores you! x2
Urug hits you with a +1 long sword.
As you read the scroll labelled AWNYT KOERHI, it crumbles to dust.
A profound silence engulfs you.
It was a scroll of silence.
The yak closely misses you. The yak gores you!
Urug hits you with a +1 long sword!
Unknown command.
It was a potion of cancellation.
Your magical effects are unravelling.
You feel magically purged.
Your hearing returns.
The sentinel's mark upon you fades away.
The yak gores you. x2
* * * LOW HITPOINT WARNING * * *
Urug hits you with a +1 long sword!!
* * * LOW HITPOINT WARNING * * *
It was a potion of might.
You feel very mighty all of a sudden.
The yak is no longer more vulnerable to fire.
The yak gores you but does no damage. The yak gores you!
You die...

##############
#§§@Y§§§§§§..# ###
#§o§Y§§§§§§..#####..
#§§§§§§§§§§..##..Y..
§§§§§§§§§§§§..##.##Y.
###§§§§§§§§§§..'..##..
#§§§§§§§§§§..######+
#§§§§§§§§§§..# #W
####§§######## #.
##.###### ##


You could see Urug and 2 yaks.

Vanquished Creatures
  Maggie (D:9)
  A kobold demonologist (D:5)
  A troll (D:9)
  A hornet (D:9)
  A wyvern (D:9)
  9 yaks
  Grum (D:9)
  Eustachio (D:6)
  A wraith (D:10)
  Edmund (D:6)
  An acid dragon (D:9)
  3 water moccasins
  2 ice beasts
  A sky beast (D:7)
  2 black bears
  3 ogres
  4 wolves
  3 phantoms
  5 centaurs
  6 kobold brigands
  3 bullfrogs
  Blork the orc (D:6)
  4 scorpions
  3 wights (D:6)
  4 killer bees (D:9)
  2 electric eels (D:8)
  5 hounds
  A jelly (D:6)
  2 orc priests
  A sleepcap (D:4)
  4 iguanas
  10 orc wizards
  Robin (D:2)
  4 gnolls (D:3)
  5 adders
  4 ufetubi
  2 worms
  4 dart slugs
  44 orcs
  5 ball pythons
  8 endoplasms
  4 giant cockroaches
  13 goblins
  14 hobgoblins
  7 jackals
  14 kobolds
  4 quokkas
  11 bats
  5 frilled lizards
  4 rats
241 creatures vanquished.

Vanquished Creatures (others)
  670 foxfires
670 creatures vanquished.

Grand Total: 911 creatures vanquished

Notes
Turn   | Place    | Note
-------+----------+-------------------------------------------
     0 | D:1      | 112233 the Ogre Fire Elementalist began the quest for the
                  | Orb.
     0 | D:1      | Reached XP level 1. HP: 16/16 MP: 3/3
    47 | D:1      | Reached skill level 1 in Fighting
   120 | D:1      | Reached XP level 2. HP: 27/27 MP: 1/5
   132 | D:1      | Learned a level 2 spell: Scorch
   321 | D:1      | Reached skill level 3 in Spellcasting
   723 | D:1      | Reached XP level 3. HP: 35/35 MP: 4/7
  1425 | D:2      | Noticed Robin
  1661 | D:2      | Reached XP level 4. HP: 45/45 MP: 7/9
  2093 | D:2      | Found a runed translucent door.
  2094 | D:2      | Noticed Crazy Yiuf
  2265 | D:2      | Killed Robin
  2266 | D:2      | Reached skill level 4 in Spellcasting
  2740 | D:3      | You fall into a shaft and drop 2 floors!
  2740 | D:5      | Entered Level 5 of the Dungeon
  2763 | D:5      | Noticed a black bear
  2770 | D:5      | Killed a black bear
  2771 | D:5      | Reached XP level 5. HP: 47/55 MP: 4/12
  2782 | D:5      | Reached skill level 5 in Fighting
  2782 | D:5      | Reached skill level 5 in Spellcasting
  2782 | D:5      | Reached XP level 6. HP: 61/66 MP: 0/13
  2926 | D:5      | Found a staircase to the Ecumenical Temple.
  2938 | Temple   | Entered the Ecumenical Temple
  3014 | Temple   | Became a worshipper of Vehumet
  3138 | D:5      | Noticed a kobold demonologist
  3463 | D:3      | Reached XP level 7. HP: 70/75 MP: 6/15
  3471 | D:3      | Reached skill level 6 in Spellcasting
  4293 | D:4      | Learned a level 3 spell: Kindle Blastsparks
  4298 | D:4      | Learned a level 4 spell: Flame Wave
  4401 | D:4      | Found Gyhed's Armour Emporium.
  4821 | D:4      | Reached skill level 1 in Conjurations
  5070 | D:4      | Reached * piety under Vehumet
  5070 | D:4      | Offered knowledge of Freeze by Vehumet.
  5253 | D:5      | Reached XP level 8. HP: 59/87 MP: 11/18
  5413 | D:4      | Reached skill level 7 in Spellcasting
  6143 | D:5      | Killed a kobold demonologist
  6343 | D:5      | Found a burning altar of Makhleb.
  6343 | D:5      | Noticed a cacodemon
  7051 | D:6      | Reached XP level 9. HP: 80/93 MP: 12/20
  7118 | D:6      | Found a sacrificial altar of Ru.
  7183 | D:6      | Reached ** piety under Vehumet
  7231 | D:6      | Offered knowledge of Magic Dart by Vehumet.
  7235 | D:6      | Found a glowing drain.
  7250 | D:6      | Noticed Blork the orc
  7259 | D:6      | Killed Blork the orc
  7323 | D:6      | Reached skill level 8 in Spellcasting
  7617 | D:6      | Noticed Edmund
  7634 | D:6      | Killed Edmund
  7639 | D:6      | Reached skill level 5 in Fire Magic
  7891 | D:6      | Got Emujomn's Book of the Ashen Black Widow
  7950 | D:6      | Noticed Eustachio
  7960 | D:6      | Killed Eustachio
  8047 | D:6      | Reached skill level 5 in Dodging
  9040 | D:7      | Reached skill level 5 in Conjurations
  9173 | D:7      | Found a blossoming altar of Fedhas.
  9353 | D:8      | Reached skill level 9 in Spellcasting
  9631 | D:8      | Found a shadowy altar of Dithmenos.
  9660 | D:8      | Offered knowledge of Momentum Strike by Vehumet.
  9661 | D:8      | Reached XP level 10. HP: 102/102 MP: 20/23
 11293 | D:9      | Reached *** piety under Vehumet
 11518 | D:9      | Paralysed by a hornet for 3 turns
 11663 | D:9      | Noticed Frostiness's ghost (novice DgSu)
 11683 | D:9      | Found a transporter.
 12059 | D:9      | Noticed Maggie
 12063 | D:9      | Noticed Grum
 12234 | D:8      | Learned a level 2 spell: Passwall
 12237 | D:8      | Learned a level 2 spell: Blink
 12340 | D:10     | Entered Level 10 of the Dungeon
 12417 | D:9      | Offered knowledge of Fulminant Prism by Vehumet.
 12676 | D:9      | Reached skill level 10 in Spellcasting
 12690 | D:9      | Killed Grum
 12873 | D:9      | Found a staircase to the Lair.
 12974 | D:9      | Killed Maggie
 12975 | D:9      | Reached XP level 11. HP: 79/109 MP: 16/25
 13064 | D:9      | Found a transporter.
 14203 | D:10     | Noticed Urug
 14209 | D:10     | HP: 1/109 [Urug/+1 long sword (28)]
 14210 | D:10     | Mangled by a yak

Illustrated notes

Levels and vault maps discovered:
D:1:      matt_arrival_refuge, layout_rooms, st_stairs_7
D:2:      layout_rooms, uniq_crazy_yiuf_cottage, uniq_robin
D:3:      layout_loops_ring, grunt_decor_mini_mirrors
D:4:      layout_cave_pools, serial_shops, nicolae_lakefront_shop
D:5:      layout_loops_cross, makhleb_altar_promises_db,
          minmay_temple_entry_junction, nicolae_ossuary_entry_monument,
          corexii_item_surrounded_by_moat
D:6:      layout_loops_ring, nicolae_ru_great_annihilating_truth,
          cheibrodos_sewer_entry_drain, kennysheep_generic_room_7, uniq_edmund,
          uniq_blork_the_orc, uniq_eustachio
D:7:      layout_basic, lemuel_tele_altar, minmay_misc_feat_plants
D:8:      layout_rooms, nicolae_overflow_hidden_temple,
          amcnicky_mini_pool_medium
D:9:      layout_irregular_city, lair_entry_dummy, gammafunk_ghost_stat_death,
          uniq_maggie, uniq_grum
D:10:     layout_roguey, grunt_temple_overflow_open, kennysheep_little_box,
          ebering_ghost_disaster_area, uniq_urug
Temple:   nicolae_temple_superstar

Skill      XL: |  1  2  3  4  5  6  7  8  9 10 11 |
---------------+----------------------------------+-----
Fighting       | 1 2 3 4 5 6 7 |  7.0
Spellcasting   | 3 4 5 6 7 9 10 | 10.4
Conjurations   | 2 3 5 6 |  6.8
Dodging        | 2 4 5 6 7 |  7.1
Fire Magic     | 3 4 5 7 |  7.4
Stealth        | |  1.4

Action                     |  1- 3 |  4- 6 |  7- 9 | 10-12 || total
---------------------------+-------+-------+-------+-------++-------
  Melee: Great mace        |    17 |       |       |       ||    17
         Mace              |     6 |       |       |       ||     6
         Staff             |       |    12 |     1 |     1 ||    14
   Cast: Foxfire           |    88 |    69 |   153 |    77 ||   387
         Scorch            |     3 |    19 |   112 |   103 ||   237
         Kindle Blastspark |       |       |     1 |       ||     1
  Evoke: Wand              |       |       |     4 |     2 ||     6
    Use: Scroll            |     1 |       |    10 |     6 ||    17
         Potion            |       |     1 |     1 |     5 ||     7
   Stab: Paralysed         |       |       |     1 |       ||     1
 Armour: Robe              |    38 |    12 |    45 |    70 ||   165
  Dodge: Dodged            |    56 |    26 |    83 |   152 ||   317

Table legend: (Time is in decaauts)
 A = Elapsed time spent in this place.
 B = Non-inter-level travel time spent in this place.
 C = Inter-level travel time spent in this place.
 D = Time resting spent in this place.
 E = Time spent auto-exploring this place.
 F = Levels seen in this place.
 G = Mean time per level.
                   A        B        C        D        E       F      G
               +--------+--------+--------+--------+--------+-----+--------+
         Total |  14262 |  13671 |    591 |   3391 |   8247 |  11 | 1296.5 |
       Dungeon |  14142 |  13607 |    535 |   3391 |   8196 |  10 | 1414.2 |
        Temple |    119 |     63 |     56 |      0 |     51 |   1 |  119.0 |
               +--------+--------+--------+--------+--------+-----+--------+

Top non-repeatable levels by time:
     D:9: 2223 daAuts
     D:4: 2105 daAuts
     D:7: 1719 daAuts
     D:8: 1641 daAuts
     D:1: 1340 daAuts
     D:5: 1308 daAuts
     D:6: 1307 daAuts
     D:3: 1155 daAuts
     D:2: 962 daAuts
    D:10: 378 daAuts
  Temple: 119 daAuts
